 Seeded DCSS version 0.29.1-1-gd02db6906a (webtiles) character file.

Game seed: 3121381558354691732 (custom seed)

1 CInkIbrahim the Trooper (level 1, 18/18 HPs)
             Began as a Formicid Abyssal Knight on Oct 5, 2022.
             Was a Believer of Lugonu.
             Quit the game on level 1 of the Dungeon.
             The game lasted 00:00:27 (160 turns).

CInkIbrahim the Trooper (Formicid Abyssal Knight)    Turns: 160, Time: 00:00:27

Health: 18/18      AC:  3    Str: 17    XL:     1   Next: 22%
Magic:  2/2        EV: 11    Int:  9    God:    Lugonu [**....]
Gold:   38         SH:  0    Dex: 14    Spells: 0/0 levels left

rFire   . . .      SeeInvis +   a - +1 spear
rCold   . . .      Faith    .   (no shield)
rNeg    . . .      Spirit   .   b - +0 leather armour
rPois   .          Reflect  .   (helmet unavailable)
rElec   .          Harm     .   (no cloak)
rCorr   .          Rampage  .   (no gloves)
Will    .....                   (no boots)
Stlth   +.........              (no amulet)
HPRegen 0.06/turn               (no ring)
MPRegen 0.08/turn               (no ring)

@: no status effects
A: permanent stasis, dig shafts and tunnels, antennae 3, four strong arms
a: Dig, Shaft Self, Renounce Religion, Depart the Abyss, Bend Space


You were on level 1 of the Dungeon.
You worshipped Lugonu.
Lugonu was pleased with you.
You visited 1 branch of the dungeon, and saw 1 of its levels.
You visited the Abyss 1 time.

You collected 38 gold pieces.

Inventory:

Hand Weapons
 a - a +1 spear (weapon)
Armour
 b - a +0 leather armour (worn)
Scrolls
 d - 2 scrolls of acquirement


   Skills:
 - Level 3.2 Fighting
 + Level 2.1 Polearms
 - Level 2.1 Armour
 - Level 0.8 Dodging
 - Level 2.1 Invocations


You couldn't memorise any spells.
You didn't know any spells.
Your spell library was empty.

Dungeon Overview and Level Annotations

Branches:
Dungeon (1/15)

Altars:


Innate Abilities, Weirdness & Mutations

You cannot be hasted, slowed, berserked, paralysed or teleported.
You can dig through walls and to a lower floor.
You have a pair of large antennae on your head. (SInv)
Your four strong arms can wield two-handed weapons with a shield.


Message History

Welcome, CInkIbrahim the Formicid Abyssal Knight.
Game seed: 3121381558354691732 (custom seed) Lugonu says: Depart the Abyss and spread corruption, my servant! (use the ability menu to exit the Abyss) Press ? for a list of commands and other information.
Found a corrupted altar of Lugonu.
Found a gateway leading out of the Abyss.
You pass through the gate.
Found a book of Blasting.
There is a staircase leading out of the dungeon here.
c - a scroll labelled TEMPAR ULUY No target in view!
You now have 8 gold pieces.
You now have 25 gold pieces (gained 17).
Found a stone staircase leading down.
No target in view!
There is a stone staircase leading down here.
You now have 38 gold pieces (gained 13).
A goblin comes into view. It is wielding a +0 dagger.
The goblin shouts!
A goblin is nearby!
A goblin is nearby!
You reach to attack!
You hit the goblin.
The goblin is heavily wounded.
A goblin is nearby!
You hit the goblin.
You kill the goblin!
Lugonu accepts your kill.
You see here a +0 dagger.
Found a stone staircase leading down.
d - 3 scrolls labelled FOERYJ HUOFICW No target in view!
This is a scroll of acquirement!
As you read the scroll labelled TEMPAR ULUY, it crumbles to dust.
It is a scroll of identify.
You don't have any unidentified items.
Something appears at your feet!
Unknown command.
Are you sure you want to abandon this character and quit the game? (Confirm with "yes".)

#.# #.# #..........
#.# #.# #.##..#.###
#.# #.# #.##..#.# #.#
#.# #.##..#.# #.#
#.#####.##..#.# #.
#.##....##..#..
#...........##.
##...#####...# .
#>####@.P#.P.P.#...#.#
.........#.#####P#...(
######.P#.#.. #...
#.#.#.### #.. #. . .#
.. #. .. . #. .. .. #.
... .. ..#


There were no monsters in sight!

Vanquished Creatures
  A goblin (D:1)
1 creature vanquished.

Notes
Turn   | Place    | Note
-------+----------+-------------------------------------------
     0 | Abyss:1  | CInkIbrahim the Formicid Abyssal Knight began the quest for
                  | the Orb.
     0 | Abyss:1  | Reached XP level 1. HP: 18/18 MP: 2/2
     1 | D:1      | Escaped the Abyss
   158 | D:1      | Identified 3 scrolls of acquirement
   159 | D:1      | Acquired 789 gold pieces
   160 | D:1      | Quit the game

Illustrated notes

Levels and vault maps discovered:
D:1:      minmay_arrival_glassed_features, layout_loops_ring,
          shapermc_ecumenical_altar_rom_forum, nicolae_kite_square_tiling_tiny

Action                   || total
-------------------------++-------
Melee: Spear             ||     2
  Use: Scroll            ||     2
